 Dungeon Crawl Stone Soup version 0.28.0-45-g0d030f2227 (webtiles) character file.

Game seed: 4732956858243740061

42 zeratav the Insei (level 3, -4/24 HPs)
             Began as an Octopode Transmuter on Apr 6, 2022.
             Slain by a gnoll
             ... wielding a +0 whip
              (5 damage)
             ... on level 2 of the Dungeon.
             The game lasted 00:03:11 (1093 turns).

zeratav the Insei (Octopode Transmuter)             Turns: 1093, Time: 00:03:12

Health: -4/24      AC:  1    Str: 11    XL:     3   Next: 56%
Magic:  6/6        EV: 13    Int: 15    God:
Gold:   43         SH:  0    Dex: 12    Spells: 5/6 levels left

rFire   . . .      SeeInvis .   d - +0 hunting sling
rCold   . . .      Faith    .   (no shield)
rNeg    . . .      Spirit   .   (helmet restricted)
rPois   .          Reflect  .   (no amulet)
rElec   .          Harm     .   (no ring)
rCorr   .          Rampage  .   (no ring)
Will    .....                   (no ring)
Stlth   ++........              (no ring)
HPRegen 0.08/turn               (no ring)
MPRegen 0.10/turn               (no ring)
                                (no ring)
                                (no ring)

@: no status effects
A: almost no armour, amphibious, 8 rings, camouflage 1, gelatinous body 1,
(nimble swimmer 1), tentacles
a: no special abilities


You were on level 2 of the Dungeon.
You visited 1 branch of the dungeon, and saw 2 of its levels.

You collected 43 gold pieces.

Inventory:

Hand Weapons
 d - a +0 hunting sling (weapon)
Missiles
 b - 11 sling bullets (quivered ammo)
Scrolls
 a - a scroll of identify {unknown}
 f - a scroll of silence {unknown}
Potions
 c - a potion of curing {unknown}
 e - a potion of haste {unknown}
 g - a potion of flight {unknown}


   Skills:
 * Level 1.9 Fighting
 + Level 2.4 Dodging
 * Level 3.5 Unarmed Combat
 - Level 2.0 Spellcasting
 + Level 2.3 Transmutations


You had 5 spell levels left.
You knew the following spells:

 Your Spells              Type           Power      Damage    Failure   Level
a - Beastly Appendage     Tmut           16%        N/A       9%          1

Your spell library contained the following spells:

 Spells                   Type           Power      Damage    Failure   Level
 Wereblood                Tmut           8%         N/A       13%         2
 Spider Form              Tmut/Pois      5%         N/A       38%         3
 Ice Form                 Ice/Tmut       5%         N/A       80%         4


Dungeon Overview and Level Annotations

Branches:
Dungeon (2/15)

Altars:


Innate Abilities, Weirdness & Mutations

You cannot wear most types of armour.
You are amphibious.
You can wear up to eight rings at the same time.
Your skin changes colour to match your surroundings (Stealth+).
Your rubbery body absorbs attacks. (AC +1, EV +1)
((You are camouflaged when in or above water. (Stealth+)))
You have tentacles for arms and can constrict up to eight enemies at once.


Message History

You shoot a sling bullet. The sling bullet hits the gnoll!
The gnoll is almost dead.
Fire: 16 sling bullets
Press: ? - help, Q - select action, (/) - cycle Shift-Dir - straight line, f/p - gnoll
Aim: a gnoll, wielding a +0 whip (almost dead, 60% to hit)
You shoot a sling bullet.
The sling bullet closely misses the gnoll.
The gnoll barely misses you.
A gnoll comes into view. It is wielding a +0 whip.
Fire: 15 sling bullets
Press: ? - help, Q - select action, (/) - cycle Shift-Dir - straight line, f/p - gnoll
Aim: a gnoll, wielding a +0 whip (almost dead, 60% to hit)
You shoot a sling bullet.
The sling bullet barely misses the gnoll.
The gnoll hits you with a +0 whip!
A gnoll comes into view. It is wielding a +0 halberd.
The gnoll hits you but does no damage.
Fire: 14 sling bullets
Press: ? - help, Q - select action, (/) - cycle Shift-Dir - straight line, f/p - gnoll
Aim: a gnoll, wielding a +0 whip (almost dead, 60% to hit)
You shoot a sling bullet. The sling bullet hits the gnoll.
You kill the gnoll!
An endoplasm comes into view.
The gnoll hits you with a +0 whip.
* * * LOW HITPOINT WARNING * * *
Fire: 13 sling bullets
Press: ? - help, Q - select action, (/) - cycle Shift-Dir - straight line, f - gnoll
Aim: a gnoll, wielding a +0 whip (60% to hit)
You shoot a sling bullet.
The sling bullet barely misses the gnoll.
The gnoll barely misses you. The gnoll completely misses you.
Fire: 12 sling bullets
Press: ? - help, Q - select action, (/) - cycle Shift-Dir - straight line, f/p - gnoll
Aim: a gnoll, wielding a +0 whip (60% to hit)
You shoot a sling bullet.
The sling bullet barely misses the gnoll.
The gnoll hits you from afar with a +0 halberd.
* * * LOW HITPOINT WARNING * * *
The gnoll hits you with a +0 whip.
You die...

### ##.## #.. ...
#.# #.# # #.#
#####.#.# #.#
#...#.#(##### #.#
#.†..........
#<###...#.#.#####
#......##.#.#
#..######@# #
#..# #g# #..# ?.g
#... ..... .....
..#.###
###.#.##.#.#
....##.#.# # #(.


You could see 2 gnolls.

Vanquished Creatures
  A gnoll (D:2)
  2 dart slugs (D:1)
  A ball python (D:2)
  2 bats (D:1)
  3 endoplasms (D:1)
  3 hobgoblins (D:1)
  4 jackals (D:1)
  A quokka (D:1)
  7 frilled lizards (D:1)
  A kobold (D:1)
  3 rats (D:1)
28 creatures vanquished.

Vanquished Creatures (others)
  10 plants (D:1)
10 creatures vanquished.

Grand Total: 38 creatures vanquished

Notes
Turn   | Place    | Note
-------+----------+-------------------------------------------
     0 | D:1      | zeratav the Octopode Transmuter began the quest for the
                  | Orb.
     0 | D:1      | Reached XP level 1. HP: 13/13 MP: 3/3
   283 | D:1      | Reached XP level 2. HP: 18/18 MP: 5/5
   769 | D:1      | Reached XP level 3. HP: 23/23 MP: 6/6
  1093 | D:2      | HP: 1/24 [gnoll/+0 halberd (6)]
  1093 | D:2      | Slain by a gnoll

Illustrated notes

Levels and vault maps discovered:
D:1:      roderic_crop_circles_arrival_small, layout_loops_ring
D:2:      layout_loops_ring, serial_shops, shop_statue, minmay_misc_feat_plants,
          nicolae_figureground_sparkle

Action                   || total
-------------------------++-------
Melee: Unarmed           ||    14
       Constrict         ||     8
       Kick              ||     4
       Punch             ||     2
       Tentacles         ||     2
 Fire: Hunting sling     ||    66
 Cast: Beastly Appendage ||     5
 Stab: Sleeping          ||     2
Armor: Skin              ||     3
Dodge: Dodged            ||    28
